 Dungeon Crawl Stone Soup version 0.31-a0-1338-gb567cfdca4 (webtiles) character file.

Game seed: 8412886509667612844

482 Sobieck the Conjurer (level 6, -17/32 HPs)
             Began as a Deep Elf Conjurer on Dec 22, 2023.
             Was an Initiate of Vehumet.
             Demolished by Duvessa
             ... wielding a +3 rapier of venom
              (18 damage)
             ... on level 5 of the Dungeon.
             The game lasted 00:05:01 (4462 turns).

Sobieck the Conjurer (Deep Elf Conjurer)            Turns: 4462, Time: 00:05:02

Health: -17/32     AC:  6    Str:  4    XL:     6   Next: 87%
Magic:  4/17       EV: 12    Int: 25    God:    Vehumet [......]
Gold:   268        SH:  0    Dex: 13    Spells: 10/17 levels left

rFire   . . .        q - +2 quarterstaff (speed)
rCold   . . .        (shield currently unavailable)
rNeg    . . .        a - +0 robe
rPois   .            (no helmet)
rElec   .            (no cloak)
rCorr   .            (no gloves)
SInv    .            (no boots)
Will    .....        (no amulet)
Stlth   ++           o - +4 ring of protection
HPRegen 0.25/turn    (no ring)
MPRegen 0.15/turn

%: no passive effects
@: lethally poisoned (-17 -> -30), very slightly contaminated
A: no striking features
a: Renounce Religion


You were on level 5 of the Dungeon.
You worshipped Vehumet.
Vehumet was noncommittal.
You visited 2 branches of the dungeon, and saw 6 of its levels.

You collected 268 gold pieces.

Inventory:

Hand Weapons
 q - a +2 quarterstaff of speed (weapon)
Armour
 a - a +0 robe (worn)
Jewellery
 o - a +4 ring of protection (left hand)
 u - a ring of fire
Wands
 t - a wand of roots (10)
 V - a wand of flame (13)
Scrolls
 d - 2 scrolls of butterflies {unknown}
 e - 2 scrolls of blinking {unknown}
 f - 4 scrolls of teleportation {unknown}
 g - 2 scrolls of silence {unknown}
 l - 6 scrolls of identify {unknown}
 m - a scroll of fog {unknown}
 n - a scroll of poison {unknown}
 p - a scroll of enchant armour {unknown}
Potions
 b - a potion of magic
 c - a potion of cancellation {unknown}
 h - a potion of enlightenment {unknown}
 i - 5 potions of brilliance {unknown}
 j - 2 potions of resistance {unknown}
 k - 2 potions of ambrosia {unknown}
 r - 2 potions of lignification {unknown}
 s - a potion of heal wounds {unknown}


   Skills:
 - Level 2.4 Dodging
 - Level 2.4 Stealth
 + Level 6.2 Spellcasting
 + Level 6.3 Conjurations
 + Level 5.1 Hexes


You had 10 spell levels left.
You knew the following spells:

 Your Spells              Type           Power      Damage    Failure   Level
a - Magic Dart            Conj           100%       1d8       1%          1
b - Searing Ray           Conj           78%        2d7       1%          2
c - Fulminant Prism       Conj/Alch      11%        3d8       21%         4

Your spell library contained the following spells:

 Spells                   Type           Power      Damage    Failure   Level
 Momentum Strike          Conj/Tloc      46%        3d9       3%          2
 Inner Flame              Hex/Fire       20%        N/A       8%          3
 Blink                    Tloc           14%        N/A       11%         2
 Lesser Beckoning         Tloc           14%        N/A       11%         2
 Flame Wave               Conj/Fire      23%        2d8       21%         4
 Iskenderun's Mystic Bla  Conj/Tloc      23%        2d6       21%         4
 Sticky Flame             Fire/Alch      7%         2d4       58%         4


Dungeon Overview and Level Annotations

Branches:
Dungeon (5/15)             Temple (1/1) D:4

Altars:
Ashenzari
Cheibriados
Dithmenos
Fedhas
Gozag
Hepliaklqana
Kikubaaqudgha
Nemelex Xobeh
Qazlal
Ru
Trog
Uskayaw
Vehumet
Wu Jian
Yredelemnul
Zin

Annotations:
D:5 Duvessa


Message History

Confirm with . or Enter, or press ? or * to list all spells.
Aiming: Searing Ray (safe; 1% risk of failure)
Press: ? - help, Shift-Dir - straight line, f/p - Duvessa
Aim: Duvessa, wielding a +3 rapier of venom and wearing a +0 leather armour (severely wounded, 83% to hit)
The searing ray hits Duvessa.
Duvessa is severely wounded.
The searing ray hits the scorpion but does no damage.
The searing ray hits Dowan!
Dowan is heavily wounded. (Press . to maintain the ray.)
You feel sick. Duvessa hits you but does no damage.
The searing ray hits Duvessa.
Duvessa is almost dead.
The searing ray hits the scorpion!
The scorpion is heavily wounded.
The searing ray hits Dowan.
Dowan is severely wounded.
You feel sick. Duvessa closely misses you.
The searing ray misses Duvessa.
The searing ray hits the scorpion.
The scorpion is heavily wounded.
The searing ray hits Dowan!
You kill Dowan!
Vehumet accepts your kill.
Duvessa screams, "No!
How DARE you!"
Duvessa goes berserk!
You feel sick.
Duvessa hits you with a +3 rapier of venom!
The searing ray hits Duvessa.
Duvessa is almost dead.
The searing ray hits the scorpion!
The scorpion is almost dead.
You finish channelling your searing ray.
You feel sick. Duvessa barely misses you.
Duvessa hits you with a +3 rapier of venom.
* * * LOW HITPOINT WARNING * * *
You are lethally poisoned!
Casting: Searing Ray (safe; 1% risk of failure)
Confirm with . or Enter, or press ? or * to list all spells.
Aiming: Searing Ray (safe; 1% risk of failure)
Press: ? - help, Shift-Dir - straight line, f/p - Duvessa
Aim: Duvessa, wielding a +3 rapier of venom and wearing a +0 leather armour (almost dead, berserk, 83% to hit)
The searing ray misses Duvessa.
The searing ray hits the scorpion.
You kill the scorpion!
Vehumet accepts your kill. (Press . to maintain the ray.)
* * * LOW HITPOINT WARNING * * *
You feel very sick.
Duvessa hits you with a +3 rapier of venom!!
Ouch! That really hurt!
You die...

######################
................@e†).#
####################.#
#.# ######### #.#
........## #.#
#####....# #e# #....#
#.# #...(# #s# #....#
#.#


You could see Duvessa (berserk).

Vanquished Creatures
  A black bear (D:5)
  2 phantoms (D:5)
  A scorpion (D:5)
  Dowan (D:5)
  An orc priest (D:4)
  2 iguanas
  An adder (D:3)
  A bombardier beetle (D:3)
  A worm (D:3)
  A dart slug (D:2)
  7 orcs
  4 ball pythons
  8 endoplasms
  A giant cockroach (D:4)
  5 goblins
  10 hobgoblins
  10 jackals
  14 kobolds
  A bat (D:2)
  A frilled lizard (D:3)
  5 rats (D:1)
78 creatures vanquished.

Notes
Turn   | Place    | Note
-------+----------+-------------------------------------------
     0 | D:1      | Sobieck the Deep Elf Conjurer began the quest for the Orb.
     0 | D:1      | Reached XP level 1. HP: 10/10 MP: 6/6
   120 | D:1      | Reached skill level 1 in Hexes
   201 | D:1      | Reached XP level 2. HP: 15/15 MP: 1/8
   436 | D:1      | Learned a level 2 spell: Searing Ray
   732 | D:1      | Reached XP level 3. HP: 19/19 MP: 7/10
  2841 | D:3      | Reached XP level 4. HP: 24/24 MP: 4/12
  3525 | D:4      | Found a blossoming altar of Fedhas.
  3556 | D:4      | Found an ornate altar of the Wu Jian Council.
  3651 | D:4      | Reached skill level 3 in Hexes
  3807 | D:5      | Entered Level 5 of the Dungeon
  3807 | D:5      | Noticed a phantom
  3811 | D:4      | Reached XP level 5. HP: 7/28 MP: 11/14
  3954 | D:4      | Found a staircase to the Ecumenical Temple.
  3965 | Temple   | Entered the Ecumenical Temple
  3976 | Temple   | Became a worshipper of Vehumet
  4144 | D:4      | Learned a level 4 spell: Fulminant Prism
  4171 | D:5      | Noticed a phantom
  4199 | D:5      | Noticed a black bear
  4207 | D:5      | Killed a black bear
  4209 | D:5      | Killed a phantom
  4210 | D:5      | Reached skill level 6 in Conjurations
  4210 | D:5      | Reached XP level 6. HP: 29/32 MP: 3/16
  4319 | D:5      | Reached skill level 6 in Spellcasting
  4441 | D:5      | Noticed Dowan
  4442 | D:5      | Noticed Duvessa
  4460 | D:5      | Killed Dowan
  4462 | D:5      | HP: 1/32 [poisoned by Duvessa]
  4462 | D:5      | Demolished by Duvessa

Illustrated notes

Levels and vault maps discovered:
D:1:      psy_arrival_conway, layout_basic, minmay_pentomino_q2
D:2:      layout_basic
D:3:      layout_basic, roderic_nine_men_s_morris, nrook_uturn,
          kennysheep_generic_room_6
D:4:      layout_basic, mainiacjoe_overflow_catch_the_wave,
          minmay_temple_entry_glassed_door
D:5:      layout_basic, tso_oasis_becter, uniq_crazy_yiuf_cottage,
          uniq_prince_ribbit1, uniq_duvessa
Temple:   eino_temple_lava

Skill      XL: |  1  2  3  4  5  6 |
---------------+-------------------+-----
Hexes          | 1 2 3 4 5 |  5.1
Spellcasting   | 4 5 6 |  6.2
Conjurations   | 5 6 |  6.3
Dodging        | |  2.4
Stealth        | |  2.4

Action                     |  1- 3 |  4- 6 || total
---------------------------+-------+-------++-------
  Melee: Quarterstaff      |       |     6 ||     6
   Cast: Magic Dart        |    89 |    47 ||   136
         Searing Ray       |     2 |    14 ||    16
 Armour: Robe              |    12 |    17 ||    29
  Dodge: Dodged            |    21 |    12 ||    33

Table legend: (Time is in decaauts)
 A = Elapsed time spent in this place.
 B = Non-inter-level travel time spent in this place.
 C = Inter-level travel time spent in this place.
 D = Time resting spent in this place.
 E = Time spent auto-exploring this place.
 F = Levels seen in this place.
 G = Mean time per level.
                   A        B        C        D        E       F      G
               +--------+--------+--------+--------+--------+-----+--------+
         Total |   4467 |   4355 |    112 |    311 |   3585 |   6 |  744.5 |
       Dungeon |   4447 |   4344 |    103 |    311 |   3585 |   5 |  889.4 |
        Temple |     20 |     11 |      9 |      0 |      0 |   1 |   20.0 |
               +--------+--------+--------+--------+--------+-----+--------+

Top non-repeatable levels by time:
     D:1: 1266 daAuts
     D:3: 1057 daAuts
     D:2: 968 daAuts
     D:4: 853 daAuts
     D:5: 301 daAuts
  Temple: 20 daAuts
